 Dungeon Crawl Stone Soup version 0.29-a0-648-g6b26cc9f40 (webtiles) character file.

Game seed: 3531989485043155112

2 CollectiveS the Sneak (level 1, -16/18 HPs)
             Began as a Formicid Delver on June 20, 2022.
             Was an Initiate of Dithmenos.
             Demolished by an ogre
             ... wielding a +0 giant spiked club
              (18 damage)
             ... on level 4 of the Dungeon.
             The game lasted 00:04:15 (511 turns).

CollectiveS the Sneak (Formicid Delver)              Turns: 511, Time: 00:04:16

Health: -16/18     AC:  3    Str: 16    XL:     1   Next: 44%
Magic:  1/1        EV: 12    Int:  9    God:    Dithmenos [......]
Gold:   21         SH:  0    Dex: 15    Spells: 0/0 levels left

rFire   . . .      SeeInvis +   a - +0 falchion
rCold   . . .      Faith    .   (no shield)
rNeg    . . .      Spirit   .   b - +0 leather armour
rPois   .          Reflect  .   (helmet unavailable)
rElec   .          Harm     .   (no cloak)
rCorr   .          Rampage  .   (no gloves)
Will    .....                   (no boots)
Stlth   +++.......              (no amulet)
HPRegen 0.06/turn               (no ring)
MPRegen 0.07/turn               (no ring)

@: no status effects
A: permanent stasis, dig shafts and tunnels, antennae 3, four strong arms
a: Dig, Shaft Self, Renounce Religion


You were on level 4 of the Dungeon.
You worshipped Dithmenos.
Dithmenos was noncommittal.
You visited 2 branches of the dungeon, and saw 4 of its levels.

You collected 21 gold pieces.

Inventory:

Hand Weapons
 a - a +0 falchion (weapon)
Armour
 b - a +0 leather armour (worn)
 h - a +0 scale mail
Wands
 f - a wand of digging (3)
Scrolls
 c - a scroll of fog
 d - a scroll of magic mapping
 e - a scroll of blinking {unknown}
 g - a scroll of poison {unknown}


   Skills:
 + Level 3.3 Fighting
 + Level 2.0 Long Blades
 * Level 1.8 Dodging
 * Level 6.0 Stealth


You couldn't memorise any spells.
You didn't know any spells.
Your spell library was empty.

Dungeon Overview and Level Annotations

Branches:
Dungeon (6/15)             Temple (1/1) D:5

Altars:
Ashenzari
Cheibriados
Dithmenos
Elyvilon
Gozag
Hepliaklqana
Kikubaaqudgha
Makhleb
Okawaru
Qazlal
Ru
Trog
Uskayaw
Vehumet
Yredelemnul
Zin
The Shining One


Innate Abilities, Weirdness & Mutations

You cannot be hasted, slowed, berserked, paralysed or teleported.
You can dig through walls and to a lower floor.
You have a pair of large antennae on your head. (SInv)
Your four strong arms can wield two-handed weapons with a shield.


Message History

* * * LOW HITPOINT WARNING * * *
The gnoll shouts!
You hear a shout!
The hound zombie attacks as you move away!
The hound zombie closely misses you.
The scorpion zombie attacks as you move away!
The scorpion zombie barely misses you.
The scorpion zombie attacks as you move away!
The scorpion zombie closely misses you.
The hound zombie attacks as you move away!
The hound zombie closely misses you.
The scorpion zombie attacks as you move away!
The scorpion zombie closely misses you. The hound zombie barely misses you. x2
A giant cockroach comes into view.
The giant cockroach moves out of view.
The scorpion zombie attacks as you move away!
The scorpion zombie barely misses you.
A scorpion zombie comes into view.
The scorpion zombie moves out of view.
The scorpion zombie attacks as you move away!
The scorpion zombie hits you but does no damage.
The scorpion zombie attacks as you move away!
The scorpion zombie hits you.
* * * LOW HITPOINT WARNING * * *
Found 16 gold pieces.
An adder skeleton comes into view.
The scorpion zombie attacks as you move away!
The scorpion zombie hits you but does no damage.
A water moccasin zombie comes into view.
The water moccasin zombie moves out of view.
The scorpion zombie attacks as you move away!
The scorpion zombie hits you but does no damage.
Found a stone staircase leading down.
An ogre comes into view. It is wielding a +0 giant spiked club.
The scorpion zombie attacks as you move away!
The scorpion zombie hits you but does no damage.
The scorpion zombie attacks as you move away!
The scorpion zombie completely misses you.
The ogre hits you with a +0 giant spiked club!!
Ouch! That really hurt!
You die...

{?#......#####+
g{#####....B... {
..##.>#........
.g....'........
......#........
####..##+####.. {
#.....g..#####
.P.....Z.....g..######
....8..........Z@>...+
............##.O##...#
............##..# ..#
...#..########..# ##
..$#..# #..# ...#...
.... ...... ##..##


You could see an ogre, a gnoll, a scorpion zombie and a goblin.

Vanquished Creatures
  A dart slug (D:4)
1 creature vanquished.

Notes
Turn   | Place    | Note
-------+----------+-------------------------------------------
     0 | D:5      | CollectiveS the Formicid Delver began the quest for the
                  | Orb.
     0 | D:5      | Reached XP level 1. HP: 18/18 MP: 1/1
     3 | D:6      | Noticed an orc priest
    72 | D:5      | Found a staircase to the Ecumenical Temple.
    82 | Temple   | Entered the Ecumenical Temple
   291 | Temple   | Became a worshipper of Dithmenos the Shadowed
   444 | D:4      | Noticed a phantom
   461 | D:4      | Found a broken altar of Ashenzari.
   503 | D:4      | Noticed a water moccasin zombie
   508 | D:4      | Noticed an ogre
   511 | D:4      | Demolished by an ogre

Illustrated notes

Levels and vault maps discovered:
D:4:      layout_gridville, cheibrodos_ashenzari_chains, serial_shops, shop,
          serial_undead, serial_undead_e, serial_undead_a, serial_undead_d,
          serial_undead_c, uniq_crazy_yiuf_cottage
D:5:      minmay_bubble_buster, layout_basic, minmay_temple_entry_sparse_star
D:6:      layout_rooms, uniq_maggie
Temple:   eino_temple_scatter_basement

Action                   || total
-------------------------++-------
Melee: Falchion          ||     9
  Use: Scroll            ||     1
Armor: Leather armour    ||     8
Dodge: Dodged            ||    36

Table legend: (Time is in decaauts)
 A = Elapsed time spent in this place.
 B = Non-inter-level travel time spent in this place.
 C = Inter-level travel time spent in this place.
 D = Time resting spent in this place.
 E = Time spent auto-exploring this place.
 F = Levels seen in this place.
 G = Mean time per level.
                   A        B        C        D        E       F      G
               +--------+--------+--------+--------+--------+-----+--------+
         Total |    513 |    505 |      8 |    104 |    157 |   4 |  128.2 |
       Dungeon |    292 |    292 |      0 |    104 |      0 |   3 |   97.3 |
        Temple |    220 |    212 |      8 |      0 |    157 |   1 |  220.0 |
               +--------+--------+--------+--------+--------+-----+--------+

Top non-repeatable levels by time:
     D:5: 222 daAuts
  Temple: 220 daAuts
     D:4: 68 daAuts
     D:6: 1 daAuts
